Map: At Eternity's Edge LE

Players

ByuN - Winner!

  • Race: Terran Terran
  • League: Grandmaster

Railgan

  • Race: Zerg Zerg
  • League: Grandmaster

VOD

Have the link to the VOD?

Description

Time

  • Played on: Aug. 8, 2026, 3:01 p.m.
  • Length: 14:12
Show
View Real Time Build Order
Export as new Build Order

ByuN Terran - Winner!

Build Orders: Reaper Expand 

Get SALT Encoding   

  8  0:00  SCV  
  9  0:12  SCV  
  10  0:24  SCV  
  11  0:37  SCV  
  11  0:39  Supply Depot  
  12  0:49  SCV  
  13  1:01  SCV  
  13  1:02  Barracks  
  14  1:05  Refinery  
  14  1:13  SCV  
  15  1:25  SCV  
  16  1:37  SCV  
  17  1:49  Reaper, Orbital Command  
  18  2:00  Command Center  
  18  2:13  Supply Depot  
  18  2:15  SCV  
  19  2:23  Marine  
  19  2:27  SCV  
  21  2:31  Factory  
  21  2:38  Refinery  
  21  2:39  SCV  
  21  2:43  Barracks Reactor  
  22  2:51  SCV  
  22  2:57  Bunker  
  23  3:03  SCV  
  24  3:13  Orbital Command  
  24  3:15  Hellion  
  24  3:16  SCV  
  27  3:21  Marine x2  
  29  3:28  Starport  
  29  3:30  SCV  
  30  3:37  Hellion  
  32  3:42  SCV x2  
  32  3:45  Marine x2  
  36  3:54  SCV x2, Supply Depot  
  38  3:59  Hellion  
  40  4:04  Marine x2  
  42  4:15  Medivac  
  42  4:16  SCV x2, Supply Depot  
  46  4:23  Factory Tech Lab  
  46  4:24  Marine  
  46  4:25  Marine  
  46  4:28  SCV x2  
  50  4:40  SCV x2, Supply Depot  
  52  4:46  Liberator  
  52  4:51  Factory Reactor  
  55  4:54  SCV x2  
  55  4:55  Command Center  
  57  5:07  SCV x2, Barracks  
  57  5:08  Barracks  
  57  5:09  Marine  
  57  5:12  Stimpack  
  60  5:19  SCV x2  
  62  5:22  Engineering Bay  
  62  5:27  Engineering Bay  
  62  5:29  Marine  
  62  5:30  Refinery  
  62  5:31  SCV  
  62  5:33  Starport Reactor  
  64  5:37  SCV  
  64  5:42  Factory Tech Lab  
  63  5:43  SCV  
  63  5:46  Marine  
  63  5:49  SCV  
  66  5:52  Terran Infantry Armor Level 1  
  66  5:53  Terran Infantry Weapons Level 1  
  66  6:00  Marine x2  
  66  6:01  SCV  
  69  6:04  Marine x3  
  69  6:08  Siege Tank, Orbital Command  
  69  6:10  Supply Depot  
  75  6:12  SCV  
  75  6:13  SCV  
  75  6:15  Supply Depot  
  77  6:21  Refinery  
  77  6:22  Marine x5  
  82  6:30  Medivac  
  82  6:34  Medivac  
  84  6:40  Siege Tank  
  84  6:42  SCV x2  
  84  6:43  Barracks  
  84  6:46  Marine x3  
  84  6:47  Marine  
  89  6:52  Supply Depot  
  90  6:55  Combat Shield  
  90  6:57  SCV x2  
  92  7:08  Marine x5, Orbital Command  
  93  7:09  SCV  
  93  7:12  Barracks  
  93  7:15  Supply Depot  
  93  7:18  Armory  
  93  7:23  Siege Tank  
  93  7:25  Marine  
  93  7:26  SCV x2  
  93  7:28  Supply Depot  
  97  7:36  Barracks Tech Lab  
  96  7:37  SCV, Supply Depot  
  96  7:39  SCV x2  
  97  7:47  Marine x3, Supply Depot x2  
  97  7:48  Marauder  
  97  7:49  Supply Depot  
  97  7:50  Medivac x2  
  106  7:55  SCV x2  
  108  7:58  Orbital Command  
  108  8:01  Supply Depot  
  108  8:03  Siege Tank  
  111  8:08  SCV  
  111  8:10  Barracks Reactor  
  112  8:13  SCV  
  113  8:20  SCV  
  113  8:21  Marauder x2, Marine x2  
  113  8:22  Marine x2  
  113  8:24  SCV  
  113  8:25  SCV  
  124  8:30  Factory  
  124  8:32  Supply Depot  
  124  8:33  SCV  
  125  8:36  SCV  
  125  8:37  SCV  
  125  8:38  Terran Infantry Armor Level 2, Terran Infantry Weapons Level 2  
  125  8:39  Marine  
  126  8:42  Marauder x2  
  126  8:44  Marine x3  
  132  8:52  SCV  
  132  8:53  SCV x2  
  133  8:55  Marine  
  133  8:56  Marine  
  135  9:04  Marauder x2, Command Center  
  135  9:05  Supply Depot  
  135  9:07  Marine x3  
  135  9:08  Marine  
  135  9:09  Concussive Shells  
  143  9:10  Drilling Claws, Widow Mine  
  143  9:13  Supply Depot  
  143  9:14  Supply Depot  
  145  9:17  Terran Vehicle And Ship Armor Level 1  
  145  9:25  Marauder x2  
  145  9:27  Marine x2  
  145  9:29  Marine x2  
  145  9:30  Marine  
  142  9:33  Medivac x2  
  144  9:41  Marine  
  144  9:45  Widow Mine, Marine x2  
  135  9:46  Marauder  
  135  9:47  Marauder, Marine  
  135  9:51  Refinery  
  142  9:57  Barracks  
  142  9:58  Barracks, Factory Reactor  
  140  10:00  Barracks  
  140  10:01  Supply Depot  
  140  10:02  SCV x3  
  140  10:04  Supply Depot  
  140  10:05  Medivac  
  140  10:06  Medivac, Marine x5  
  152  10:07  Marine  
  152  10:11  Marauder  
  152  10:23  Marauder  
  152  10:24  Marine x3, Widow Mine  
  158  10:32  Marauder  
  160  10:35  Medivac  
  160  10:36  Medivac  
  160  10:40  SCV x2, Marine x2  
  166  10:43  Marine  
  166  10:44  Barracks Tech Lab, Marauder  
  166  10:46  Widow Mine  
  166  10:47  Command Center  
  166  10:49  SCV  
  172  10:50  Sensor Tower  
  172  10:52  SCV x2  
  172  10:54  Marauder  
  172  10:55  Terran Infantry Armor Level 3  
  171  11:02  SCV  
  171  11:04  SCV x2  
  173  11:05  Medivac x2  
  173  11:07  Widow Mine x3  
  173  11:08  Barracks Tech Lab x2  
  184  11:12  Marine x4  
  184  11:13  Marine  
  184  11:16  Marauder  
  190  11:18  Marauder  
  190  11:29  Widow Mine x2  
  192  11:34  Terran Infantry Weapons Level 3  
  192  11:39  Marauder x2  
  195  11:43  Widow Mine  
  195  11:45  Marine  
  196  11:48  Marauder x2  
  196  11:50  Widow Mine  
  192  12:03  Marauder x3  
  192  12:08  Ghost Academy, Command Center x2  
  198  12:09  Command Center  
  198  12:17  Marauder  
  199  12:28  Marauder  
  199  12:34  Marauder  
  196  12:37  Marauder x2, Marine  
  196  12:38  Marine x3  
  196  12:39  Widow Mine  
  196  12:42  Marauder  
  178  12:45  Medivac  
  178  12:46  Marine x2  
  178  12:49  Marauder  
  182  12:52  Planetary Fortress  
  182  12:53  Command Center  
  182  12:54  Refinery x2, Command Center  
  182  12:58  Marauder x2, Marine x3  
  179  12:59  Marine x2  
  179  13:03  Marauder  
  179  13:05  Marine x2  
  177  13:11  Marauder  
  172  13:16  Marine x3  
  172  13:17  Marine  
  172  13:18  Marauder  
  172  13:19  Marauder, Marine  
  181  13:20  Widow Mine x2  
  181  13:24  Ghost  
  181  13:30  Marine x2  
  181  13:34  Marauder, Medivac x2  
  178  13:37  Widow Mine  
  178  13:38  Marauder  
  172  13:41  Widow Mine  
  172  13:42  Orbital Command x3  
Show
View Real Time Build Order
Export as new Build Order

Railgan Zerg 

Build Orders: Pool First 

Get SALT Encoding   

  8  0:01  Drone  
  9  0:10  Drone  
  10  0:16  Drone  
  11  0:27  Overlord  
  11  0:33  Drone  
  12  0:46  Drone x2  
  14  0:53  Drone  
  15  1:00  Drone  
  16  1:08  Spawning Pool  
  15  1:13  Drone  
  16  1:20  Drone  
  17  1:37  Hatchery  
  17  1:40  Drone  
  17  1:54  Extractor  
  17  1:55  Zergling x4  
  17  1:58  Queen  
  20  2:04  Overlord  
  20  2:24  Drone  
  20  2:25  Drone  
  22  2:32  Drone  
  22  2:34  Queen  
  25  2:40  Drone  
  26  2:52  Drone  
  26  2:55  Drone, Queen  
  30  3:01  Overlord  
  30  3:02  Drone  
  31  3:09  Drone  
  32  3:16  Overlord  
  32  3:20  Drone x3  
  32  3:21  Drone  
  32  3:26  Lair  
  36  3:29  Drone  
  36  3:31  Drone  
  38  3:44  Drone x2  
  40  3:49  Drone  
  40  3:51  Roach Warren, Evolution Chamber  
  40  3:55  Drone x2  
  41  3:56  Overlord  
  41  4:01  Extractor  
  40  4:03  Extractor  
  40  4:04  Drone x2  
  40  4:09  Drone  
  42  4:10  Drone, Evolution Chamber  
  42  4:20  Zerg Missile Weapons Level 1  
  42  4:25  Drone x5  
  47  4:38  Zerg Ground Armor Level 1  
  47  4:39  Drone x3  
  47  4:40  Drone x2  
  47  4:43  Extractor  
  51  4:47  Overlord  
  51  4:49  Overlord  
  51  4:58  Glial Reconstitution  
  51  4:59  Overlord  
  51  5:09  Roach x3  
  51  5:11  Drone x3  
  51  5:12  Drone  
  61  5:26  Overlord  
  61  5:29  Roach  
  63  5:36  Overlord  
  63  5:39  Roach x2, Hatchery  
  63  5:41  Roach  
  64  5:47  Roach x3  
  69  5:50  Overlord  
  69  5:52  Roach  
  71  5:57  Roach x2  
  75  6:05  Drone, Spore Crawler  
  75  6:06  Spore Crawler, Roach  
  75  6:09  Overlord  
  75  6:11  Roach  
  78  6:19  Overlord  
  78  6:24  Zerg Missile Weapons Level 2  
  78  6:25  Roach x2  
  82  6:33  Roach x2  
  82  6:39  Drone  
  88  6:40  Drone  
  88  6:41  Drone x3  
  88  6:42  Drone  
  88  6:46  Drone x3  
  93  6:51  Queen  
  95  6:55  Overlord  
  95  6:59  Roach  
  97  7:02  Zerg Ground Armor Level 2  
  97  7:05  Drone  
  98  7:11  Ravager x4  
  98  7:12  Ravager x5  
  98  7:13  Overlord  
  107  7:18  Drone x2  
  107  7:22  Drone, Infestation Pit  
  101  7:38  Drone  
  101  7:39  Drone x11  
  113  7:48  Queen  
  113  7:51  Extractor, Metabolic Boost  
  114  7:52  Extractor  
  114  7:55  Drone  
  114  7:56  Drone x2  
  116  8:02  Zergling x2  
  116  8:04  Hive  
  117  8:07  Hatchery  
  117  8:09  Zergling x4  
  118  8:14  Zergling x2  
  118  8:15  Zergling x2  
  118  8:19  Zergling x2  
  121  8:20  Zergling x6, Overlord x2  
  121  8:22  Overlord  
  124  8:36  Overlord  
  124  8:40  Zerg Melee Weapons Level 1  
  124  8:42  Zergling x18  
  124  8:48  Zergling x12  
  117  8:49  Zergling x2  
  122  8:55  Zergling x2  
  122  8:56  Zergling x6  
  122  8:58  Zergling x2  
  122  9:01  Roach  
  128  9:05  Roach  
  130  9:11  Roach  
  130  9:12  Zergling x2  
  130  9:15  Zergling x2  
  130  9:16  Zergling x6  
  137  9:19  Zergling x2  
  135  9:29  Roach x6  
  134  9:32  Zergling x2  
  134  9:36  Zergling x2  
  134  9:41  Roach x3  
  134  9:42  Overlord  
  134  9:43  Roach  
  134  9:44  Roach  
  137  9:45  Roach  
  137  9:51  Roach x3, Zergling x2  
  137  9:52  Overlord x2  
  144  9:54  Ultralisk Cavern  
  144  9:57  Zerg Ground Armor Level 3, Adrenal Glands  
  144  9:59  Zergling x2  
  144  10:01  Zergling x2  
  144  10:04  Zergling x2  
  146  10:08  Drone x2  
  146  10:09  Overlord  
  146  10:13  Drone  
  149  10:16  Zergling x2, Hatchery  
  149  10:17  Infestor x2  
  149  10:18  Infestor  
  149  10:20  Zergling x12  
  155  10:24  Zergling x2  
  155  10:31  Zergling x2  
  156  10:38  Zergling x2  
  156  10:39  Zergling x14  
  163  10:47  Spine Crawler, Chitinous Plating  
  162  10:50  Overlord x2  
  159  10:57  Zerg Melee Weapons Level 2  
  159  11:08  Zergling x2  
  159  11:09  Zergling x4  
  162  11:11  Drone  
  162  11:12  Zergling x2  
  162  11:14  Ultralisk x2  
  162  11:17  Zergling x2  
  177  11:19  Zergling x2  
  177  11:20  Zergling x2  
  177  11:25  Zergling x2  
  180  11:38  Ultralisk  
  180  11:39  Zergling x2  
  183  11:40  Overlord  
  179  11:47  Zergling x2  
  179  11:50  Overlord  
  178  12:00  Ultralisk x3  
  178  12:01  Zergling x2  
  192  12:06  Anabolic Synthesis  
  192  12:13  Zergling x2  
  191  12:20  Zergling x8  
  189  12:25  Zergling x4  
  189  12:26  Hatchery  
  187  12:30  Zergling x2  
  187  12:31  Zergling x8  
  175  12:43  Zergling x4  
  175  12:44  Zergling x2, Drone x3  
  151  12:45  Zergling x2  
  151  12:46  Zergling x12  
  154  12:53  Zergling x2  
  154  12:56  Ultralisk x2  
  154  12:58  Ultralisk  
  171  12:59  Zergling x2  
  171  13:00  Zergling x2  
  171  13:02  Spore Crawler  
  171  13:04  Ultralisk  
  171  13:05  Zergling x2  
  172  13:11  Ultralisk  
  172  13:12  Zergling x2, Drone x2  
  172  13:13  Drone  
  170  13:22  Zergling x2  
  170  13:23  Zergling x10  
  170  13:24  Ravager x4  
  147  13:29  Ultralisk  
  138  13:38  Drone x5  
  138  13:40  Drone  
  130  13:42  Drone  
  130  13:43  Overseer  
  130  13:44  Drone  
  130  13:45  Overseer  
Tags
 
Add a new tag
Caveats
  • Supply blocks, unpowered buildings, or Contaminate may cause inaccurate times.
  • Supply counts are checked every 10 seconds.